 Dungeon Crawl Stone Soup version 0.20.1-1-g8b1a95d (webtiles) character file.

771 Linguinho the Digger (level 7, -3/55 HPs)
             Began as a Pale Draconian Earth Elementalist on Oct 31, 2017.
             Was an Initiate of Ashenzari.
             Slain by Jazqa's ghost (17 damage)
             ... on level 5 of the Dungeon.
             The game lasted 00:22:50 (5401 turns).

Linguinho the Digger (DrEE)                         Turns: 5401, Time: 00:22:50

Health: -3/55      AC:  8    Str: 11    XL:     7   Next: 53%
Magic:  0/14       EV: 12    Int: 17    God:    Ashenzari [......]
Gold:   239        SH:  6    Dex: 11    Spells: 9/16 levels left

rFire    . . .     SeeInvis +   f - -1 mace (curse)
rCold    . . .     Gourm    .   j - +2 buckler (curse)
rNeg     . . .     Faith    .   (armour unavailable)
rPois    .         Spirit   .   (helmet restricted)
rElec    .         Reflect  .   h - +0 cloak
rCorr    .         Harm     .   k - +0 pair of gloves
MR       .....                  (no boots)
Stlth    ++........             (no amulet)
Regen    0.2/turn               e - ring of see invisible
MPRegen  0.2/turn               n - ring of flight

@: short of breath, very slightly contaminated
A: breathe steam, unfitting armour, cold-blooded, AC +6
a: Breathe Steam, Curse Item, Renounce Religion, Evoke Flight


You were on level 5 of the Dungeon.
You worshipped Ashenzari.
Ashenzari was noncommittal.
You were not hungry.

You visited 1 branch of the dungeon, and saw 5 of its levels.

You collected 239 gold pieces.

Inventory:

Hand Weapons
 f - a cursed -1 mace (weapon)
 y - a cursed -2 mace
 A - a +4 quarterstaff of chaos
Missiles
 b - 5 stones
 o - 4 tomahawks (quivered)
Armour
 h - a +0 cloak (worn)
 j - a cursed +2 buckler (worn)
 k - a +0 pair of gloves (worn)
Jewellery
 e - a ring of see invisible (left hand)
 n - a ring of flight (right hand)
 E - an uncursed amulet of harm
Wands
 u - a wand of digging (14/24)
 z - a wand of polymorph (9/24)
 D - a wand of disintegration (18/24)
 F - a wand of iceblast (1/15)
Scrolls
 g - 4 scrolls of identify {unknown}
 i - 4 scrolls of amnesia {unknown}
 q - a scroll of recharging {unknown}
 r - a scroll of enchant armour {unknown}
 B - a scroll of enchant weapon {unknown}
 C - 3 scrolls of teleportation {unknown}
Potions
 l - a potion of might {unknown}
 m - 3 potions of heal wounds
 p - a potion of degeneration {unknown}
 w - a potion of flight {unknown}
 x - a potion of mutation {unknown}
Books
 d - a book of Geomancy

   Spells                             Type                      Level
   a - Sandblast                      Earth                        1
   b - Passwall                       Transmutation/Earth          2
   c - Stone Arrow                    Conjuration/Earth            3
   d - Petrify                        Transmutation/Earth          4
   e - Lee's Rapid Deconstruction     Earth                        5
 s - a book of Misfortune

   Spells                             Type                      Level
   a - Confusing Touch                Hexes                        1
   b - Confuse                        Hexes                        3
   c - Gell's Gravitas                Translocation                3
   d - Petrify                        Transmutation/Earth          4
   e - Metabolic Englaciation         Hexes/Ice                    5
   f - Yara's Violent Unravelling     Hexes/Transmutation          5
 t - Sif Muna's Volume of Creation
   (You found it on level 5 of the Dungeon)

   Spells                             Type                      Level
   a - Summon Butterflies             Summoning                    1
   b - Summon Small Mammal            Summoning                    1
   c - Aura of Abjuration             Summoning                    5
   d - Shadow Creatures               Summoning                    6
   e - Summon Hydra                   Summoning                    7
Comestibles
 a - 6 fruits
 c - 5 bread rations
 v - a meat ration


   Skills:
 + Level 2.1 Fighting
 + Level 1.9 Maces & Flails
 + Level 0.3 Throwing
 - Level 2.0 Dodging
 - Level 1.8 Stealth
 + Level 2.4 Shields
 + Level 5.0 Spellcasting
 + Level 0.4 Conjurations
 + Level 0.1 Hexes
 + Level 1.0 Transmutations
 + Level 5.7 Earth Magic


You had 9 spell levels left.
You knew the following spells:

 Your Spells              Type           Power        Failure   Level  Hunger
a - Sandblast             Erth           ###...       1%          1    None
b - Passwall              Tmut/Erth      ###.......   6%          2    #......
c - Stone Arrow           Conj/Erth      ##....       14%         3    ###....
d - Confusing Touch       Hex            #.....       16%         1    None


Dungeon Overview and Level Annotations

Branches:
Dungeon (5/15)             Temple (0/1) D:4

Altars:
Ashenzari
Nemelex Xobeh
Uskayaw
Xom

Annotations:
D:5 Jazqa's ghost, amateur HOMo


Innate Abilities, Weirdness & Mutations

You can breathe blasts of scalding, opaque steam.
Your pale cyan-grey scales are hard. (AC +6)
You cannot fit into any form of body armour.
You are cold-blooded and may be slowed by cold attacks.


Message History

You barely miss Jazqa's ghost.
Jazqa's ghost is severely damaged.
Jazqa's ghost hits you!
You barely miss Jazqa's ghost.
Jazqa's ghost is severely damaged.
Jazqa's ghost hits you but does no damage.
You closely miss Jazqa's ghost.
Jazqa's ghost is severely damaged.
Jazqa's ghost hits you!
* * * LOW HITPOINT WARNING * * *
x2 Jazqa's ghost misses you.
Casting: Sandblast
Confirm with . or Enter, or press ? or * to list all spells.
Aiming: Sandblast
Press: ? - help, Shift-Dir - straight line, f - Jazqa's ghost
Aim: Jazqa's ghost, wielding a vorpal weapon (severely damaged)
The blast of sand misses Jazqa's ghost.
b - 5 stones Jazqa's ghost hits you!
You die...

..## #..............#### ##.###
#.........###.....### ##..##
#.........# #####....
##..#######........## #####
##...............## ###
##...#....>....## ####..#
######.###....<.....## ###.....##
.......####..........###........#
........###.....@W..............#
..........#.....................#
..(............###.............##
...........#...# ##............#
...............# ##............#
...............###............##
...............##.............#
............#..##............##
............#..#.............##


You could see Jazqa's ghost.

Vanquished Creatures
  Prince Ribbit (D:5)
  A bullfrog (D:5)
  2 crimson imps
  A hound (D:4)
  A quasit (D:5)
  A gnoll shaman (D:5)
  Crazy Yiuf (D:5)
  3 orc wizards
  2 worker ants
  A hound zombie (D:5)
  A worker ant zombie (D:5)
  2 adders
  4 gnolls (D:5)
  An ooze (D:3)
  2 worms (D:2)
  5 dart slugs
  A leopard gecko (D:4)
  6 orcs
  7 giant cockroaches
  6 goblins
  12 hobgoblins
  8 jackals
  7 kobolds
  8 quokkas
  9 bats
  10 frilled lizards
  8 rats
111 creatures vanquished.

Vanquished Creatures (others)
  7 fungi (D:4)
7 creatures vanquished.

Grand Total: 118 creatures vanquished

Notes
Turn   | Place    | Note
-------+----------+-------------------------------------------
     0 | D:1      | Linguinho the Draconian Earth Elementalist began the quest for the Orb.
     0 | D:1      | Reached XP level 1. HP: 14/14 MP: 3/3
    92 | D:1      | Reached XP level 2. HP: 10/20 MP: 0/5
  1114 | D:1      | Reached XP level 3. HP: 23/26 MP: 4/6
  1810 | D:2      | Reached XP level 4. HP: 30/33 MP: 1/8
  2659 | D:3      | Reached XP level 5. HP: 27/39 MP: 3/9
  3065 | D:4      | Reached skill level 1 in Shields
  3124 | D:4      | Found a shattered altar of Ashenzari.
  3127 | D:4      | Became a worshipper of Ashenzari the Shackled
  3216 | D:4      | Found a staircase to the Ecumenical Temple.
  3302 | D:4      | Learned a level 2 spell: Passwall
  3306 | D:4      | Learned a level 3 spell: Stone Arrow
  3308 | D:4      | Learned a level 1 spell: Confusing Touch
  3502 | D:4      | Reached skill level 5 in Earth Magic
  3508 | D:4      | Reached XP level 6. HP: 17/46 MP: 9/11
  3539 | D:4      | Found a hide-covered altar of Uskayaw.
  3540 | D:4      | Found a shimmering altar of Xom.
  3948 | D:5      | Entered Level 5 of the Dungeon
  3967 | D:5      | Found a runed door.
  3972 | D:5      | Noticed Crazy Yiuf
  3975 | D:5      | Killed Crazy Yiuf
  3975 | D:5      | Reached skill level 1 in Fighting
  4103 | D:5      | Reached skill level 1 in Maces & Flails
  4445 | D:5      | Your scales start taking on a pale cyan-grey colour.
  4445 | D:5      | Reached XP level 7. HP: 51/52 MP: 4/13
  4605 | D:5      | Noticed Prince Ribbit
  4822 | D:5      | Killed Prince Ribbit
  4822 | D:5      | Reached skill level 5 in Spellcasting
  4843 | D:5      | Identified Sif Muna's Volume of Creation
  4910 | D:5      | Found a sparkling altar of Nemelex Xobeh.
  4919 | D:5      | Noticed Jazqa's ghost (amateur HOMo)
  5401 | D:5      | Slain by Jazqa's ghost

Skill      XL: |  1  2  3  4  5  6  7 |
---------------+----------------------+-----
Dodging        | 2 |  2.0
Earth Magic    | 4 5 |  5.7
Spellcasting   | 3 4 5 |  5.0
Shields        | 1 2 |  2.4
Fighting       | 1 2 |  2.1
Maces & Flails | 1 |  1.9
Throwing       | |  0.3
Stealth        | |  1.8
Conjurations   | |  0.4
Hexes          | |  0.1
Transmutations | |  1.0

Action                   |  1- 3 |  4- 6 |  7- 9 || total
-------------------------+-------+-------+-------++-------
Melee: Unarmed           |   177 |   170 |       ||   347
       Tailslap          |    22 |    25 |     4 ||    51
       Mace              |       |    82 |    28 ||   110
Throw: Tomahawk          |       |       |     4 ||     4
 Cast: Sandblast         |    38 |    67 |    27 ||   132
       Confusing Touch   |       |     2 |       ||     2
       Stone Arrow       |       |     3 |     7 ||    10
Invok: Curse Item        |       |     1 |       ||     1
 Abil: Breathe Steam     |       |       |     3 ||     3
  Use: Potion            |     1 |       |       ||     1
 Stab: Sleeping          |     2 |       |       ||     2
  Eat: Chunk             |     3 |     9 |       ||    12
       Bread ration      |       |       |     1 ||     1
       Royal jelly       |       |       |     1 ||     1
Armor: Skin              |    68 |   110 |    12 ||   190
Dodge: Dodged            |   154 |   180 |    21 ||   355
Block: Buckler           |       |    81 |    14 ||    95
